 Dungeon Crawl Stone Soup version 0.26.1-11-gd32895ea62 (webtiles) character file.

Game seed: 13871954492119728556

47 Zeld the Digger (level 3, 0/20 HPs)
             Began as a Gargoyle Earth Elementalist on June 10, 2021.
             Shot with an arrow by a centaur (8 damage)
             ... on level 2 of the Dungeon.
             The game lasted 00:02:45 (1743 turns).

Zeld the Digger (Gargoyle Earth Elementalist)       Turns: 1743, Time: 00:02:46

Health: 0/20       AC:  5    Str: 11    XL:     3   Next: 70%
Magic:  6/6        EV: 12    Int: 16    God:
Gold:   145        SH:  0    Dex: 10    Spells: 0/6 levels left

rFire    . . .     SeeInvis .   (no weapon)
rCold    . . .     Faith    .   (no shield)
rNeg     + . .     Spirit   .   c - +0 robe
rPois    ∞         Reflect  .   (no helmet)
rElec    +         Harm     .   (no cloak)
rCorr    .         Rampage  .   (no gloves)
Will     .....                  (no boots)
Stlth    ++........             (no amulet)
HPRegen  0.06/turn              (no ring)
MPRegen  0.10/turn              (no ring)

@: no status effects
A: negative energy resistance 1, electricity resistance, unbreathing,
petrification resistance, miasma immunity, AC +3
a: no special abilities


You were on level 2 of the Dungeon.
You visited 1 branch of the dungeon, and saw 2 of its levels.

You collected 145 gold pieces.

Inventory:

Missiles
 b - 51 stones (quivered)
Armour
 c - a +0 robe (worn)
Jewellery
 d - an uncursed ring of willpower {unknown}
 e - an uncursed ring of wizardry {unknown}
Scrolls
 a - 2 scrolls of identify {unknown}
 f - 4 scrolls of magic mapping {unknown}
 h - a scroll of teleportation {unknown}
 i - a scroll of blinking {unknown}
 j - 2 scrolls of remove curse {unknown}
Potions
 g - a potion of invisibility {unknown}
 k - a potion of heal wounds {unknown}
 l - a potion of curing {unknown}
 m - a potion of mutation {unknown}
 n - a potion of berserk rage {unknown}


   Skills:
 + Level 1.3 Fighting
 + Level 2.0 Dodging
 - Level 2.1 Stealth
 + Level 2.3 Spellcasting
 - Level 0.7 Transmutations
 * Level 4.5 Earth Magic


You couldn't memorise any spells.
You knew the following spells:

 Your Spells              Type           Power        Failure   Level
a - Sandblast             Erth           32%          3%          1
b - Passwall              Tmut/Erth      8%           11%         2
c - Stone Arrow           Conj/Erth      18%          24%         3

Your spell library contained the following spells:

 Spells                   Type           Power        Failure   Level
 Petrify                  Tmut/Erth      10%          56%         4
 Lee's Rapid Deconstruct  Erth           8%           65%         5


Dungeon Overview and Level Annotations

Branches:
Dungeon (2/15)

Altars:


Innate Abilities, Weirdness & Mutations

You are resistant to torment.
Your stone body is resilient. (AC +3)
You are immune to poison.
You resist negative energy. (rN+)
You are resistant to electric shocks. (rElec)
You can survive without breathing.
You are immune to petrification.
You are immune to miasma.


Message History

b - 51 stones (gained 22)
a - 2 scrolls labelled XECLA LAZO (gained 1)
You see here a glowing dagger.
Found a stone staircase leading down.
n - a sedimented dark potion You now have 145 gold pieces (gained 10).
You see here a glowing dagger.
A centaur comes into view.
The centaur shouts!
The centaur wields a +0 shortbow.
The centaur shoots an arrow.
The arrow closely misses you.
You hear a shout!
You see here an arrow.
A centaur is nearby!
A worm comes into view.
The centaur shoots an arrow.
The arrow closely misses you.
The arrow hits the worm!
The centaur shoots an arrow.
The arrow hits you. The worm barely misses you.
The centaur shoots an arrow.
The arrow hits you!
The centaur shoots an arrow.
The arrow hits you!
You die...

.....#.#.##
#.#.##
.....##.#.##
##.#.#
.....###.#.##
##c#.##
.....#.##.#.##
##.#.##
.....#.###.#.##
##.#.## ....)..#
##.#.## ##.#.##
####.###
##.#.###.#.## #.#
####.#.#.#.## #.#
##..##.#@#w##
#.####....##.#(##
##.......#..##.##
###........#.####
)........##..#
###.##.......#
###.##...###.#
....###.## #.#
.>.......# #.#


You could see a centaur.

Vanquished Creatures
  An adder (D:1)
  2 dart slugs
  4 bats (D:1)
  2 giant cockroaches
  2 goblins (D:1)
  4 hobgoblins (D:1)
  6 jackals
  4 kobolds
  3 frilled lizards
  4 rats (D:1)
32 creatures vanquished.

Notes
Turn   | Place    | Note
-------+----------+-------------------------------------------
     0 | D:1      | Zeld the Gargoyle Earth Elementalist began the quest for
                  | the Orb.
     0 | D:1      | Reached XP level 1. HP: 10/10 MP: 3/3
   326 | D:1      | Reached XP level 2. HP: 16/16 MP: 3/5
   329 | D:1      | Learned a level 2 spell: Passwall
   444 | D:1      | Reached skill level 4 in Earth Magic
   837 | D:1      | Reached skill level 1 in Fighting
   840 | D:1      | Reached XP level 3. HP: 18/20 MP: 0/6
   854 | D:1      | Learned a level 3 spell: Stone Arrow
  1732 | D:2      | Noticed a centaur
  1743 | D:2      | Shot with an arrow by a centaur

Illustrated notes

Levels and vault maps discovered:
D:1:      mrwooster_arrival_statue_3, layout_rooms, serial_corexii_hall,
          corexii_hall_statues_t, chequers_hall_statues_wall_a,
          corexii_hall_statues_i, corexii_hall_statues_x
D:2:      minmay_inner_zag, layout_rooms, lemuel_doored_altar

Skill      XL: |  1  2  3 |
---------------+----------+-----
Earth Magic    | 4 |  4.5
Fighting       | 1 |  1.3
Dodging        | 2 |  2.0
Stealth        | |  2.1
Spellcasting   | |  2.3
Transmutations | |  0.7

Action                   || total
-------------------------++-------
Melee: Unarmed           ||    40
 Cast: Sandblast         ||    50
Armor: Robe              ||    21
Dodge: Dodged            ||    51
